 Dungeon Crawl Stone Soup version 0.31.0-32-g396128a36d (webtiles) character file.

Game seed: 12777419802989920903

534 imdaedric the Shield-Bearer (level 7, -4/56 HPs)
             Began as a Formicid Fighter on Apr 24, 2024.
             Was an Initiate of Makhleb.
             Slain by a gnoll
             ... wielding a +0 club
              (7 damage)
             ... on level 5 of the Dungeon.
             The game lasted 00:08:01 (4437 turns).

imdaedric the Shield-Bearer (Formicid Fighter)      Turns: 4437, Time: 00:08:01

Health: -4/56      AC:  9    Str: 23    XL:     7   Next: 49%
Magic:  7/7        EV:  9    Int:  7    God:    Makhleb [......]
Gold:   255        SH:  5    Dex: 13    Spells: 6/6 levels left

rFire   . . .        a - +0 trident
rCold   . . .        c - +0 buckler
rNeg    . . .        b - +0 scale mail
rPois   .            (helmet unavailable)
rElec   .            k - +0 cloak
rCorr   .            h - +0 pair of gloves
SInv    +            (no boots)
Will    +....        (no amulet) Stlth
                     e - ring of willpower
HPRegen 0.29/turn    (no ring)
MPRegen 0.10/turn

%: no passive effects
@: mighty
A: permanent stasis, dig shafts and tunnels, antennae 3, four strong arms
a: Dig, Shaft Self, Renounce Religion


You were on level 5 of the Dungeon.
You worshipped Makhleb.
Makhleb was noncommittal.
You visited 2 branches of the dungeon, and saw 6 of its levels.

You collected 255 gold pieces.

Inventory:

Hand Weapons
 a - a +0 trident (weapon)
Armour
 b - a +0 scale mail (worn)
 c - a +0 buckler (worn)
 h - a +0 pair of gloves (worn)
 k - a +0 cloak (worn)
Jewellery
 e - a ring of willpower (left hand)
Wands
 i - a wand of flame (20)
Scrolls
 f - 3 scrolls of fear
 g - a scroll of poison
 j - a scroll of torment
 l - a scroll of blinking {unknown}
 o - a scroll of summoning {unknown}
Potions
 m - a potion of attraction {unknown}
 n - a potion of lignification


   Skills:
 + Level 5.1 Fighting
 + Level 4.1 Polearms
 + Level 5.2 Armour
 + Level 6.2 Shields


You had 6 spell levels left.
You didn't know any spells.
Your spell library was empty.

Dungeon Overview and Level Annotations

Branches:
Dungeon (5/15)             Temple (1/1) D:5

Altars:
Ashenzari
Cheibriados
Dithmenos
Elyvilon
Fedhas
Gozag
Hepliaklqana
Kikubaaqudgha
Makhleb
Nemelex Xobeh
Okawaru
Qazlal
Ru
Sif Muna
Uskayaw
Vehumet
Wu Jian
Xom
Yredelemnul
Zin
The Shining One


Innate Abilities, Weirdness & Mutations

You cannot be hasted, slowed, berserked, paralysed or teleported.
You can dig through walls and to a lower floor.
You have a pair of large antennae on your head. (SInv)
Your four strong arms can wield two-handed weapons with a shield.


Message History

The gnoll hits you from afar with a +0 halberd!
* * * LOW HITPOINT WARNING * * *
Reach: a) +0 trident
Press: ? - help, Dir - move target, f/p - gnoll
Aim: a gnoll, wielding a +0 halberd (heavily wounded, about 36% to evade your +0 trident)
You reach to attack!
You puncture the gnoll!
You kill the gnoll!
Makhleb accepts your kill.
Reach: a) +0 trident
Press: ? - help, Dir - move target, f - gnoll
Aim: a gnoll, wielding a +0 spear (about 36% to evade your +0 trident)
You reach to attack!
You closely miss the gnoll.
The gnoll hits you from afar with a +0 spear.
* * * LOW HITPOINT WARNING * * *
Reach: a) +0 trident
Press: ? - help, Dir - move target, f/p - gnoll
Aim: a gnoll, wielding a +0 spear (about 36% to evade your +0 trident)
You reach to attack!
You puncture the gnoll!
You kill the gnoll!
Makhleb accepts your kill.
Reach: a) +0 trident
Press: ? - help, Dir - move target, f - gnoll
Aim: a gnoll, wielding a +0 club and quivering a throwing net (about 36% to evade your +0 trident)
You reach to attack!
You barely miss the gnoll.
Reach: a) +0 trident
Press: ? - help, Dir - move target, f/p - gnoll
Aim: a gnoll, wielding a +0 club and quivering a throwing net (about 36% to evade your +0 trident)
You hit the gnoll.
The gnoll is lightly wounded.
The gnoll hits you but does no damage.
The gnoll hits you from afar with a +0 halberd!
* * * LOW HITPOINT WARNING * * *
Reach: a) +0 trident
Press: ? - help, Dir - move target, f/p - gnoll
Aim: a gnoll, wielding a +0 club and quivering a throwing net (lightly wounded, about 36% to evade your +0 trident)
You hit the gnoll.
The gnoll is heavily wounded.
You block the gnoll's attack. The gnoll hits you but does no damage.
The gnoll hits you with a +0 club!
You die...

#.............##
#..............###
##...............#
#.............#.#
##..............##
#.......##...#..##
#......#..#.#....# ##,
##.#....#....#..#.# ..g
#.@#.....#....##..# ....
#g####......>.....# .....
###g## ##..##....#..#
.....<###).g.## #.#..#....#.#
.....{gg......###....#.#..#.#
......g####....###..#...##..#
....... #....##...........#
....... #.....#.#########.#
....... #....#..# #.#


You could see 3 gnolls.

Vanquished Creatures
  An ice beast (D:5)
  A scorpion (D:4)
  A bombardier beetle (D:5)
  2 hounds (D:4)
  An orc priest (D:3)
  A sleepcap (D:4)
  An iguana (D:5)
  8 gnolls
  3 adders
  2 ufetubi (D:5)
  6 dart slugs
  8 orcs (D:3)
  5 ball pythons
  4 endoplasms
  2 giant cockroaches
  8 goblins
  5 hobgoblins
  3 jackals (D:2)
  3 quokkas
  3 bats
  2 frilled lizards
  8 kobolds
  8 rats
86 creatures vanquished.

Notes
Turn   | Place    | Note
-------+----------+-------------------------------------------
     0 | D:1      | imdaedric the Formicid Fighter began the quest for the Orb.
     0 | D:1      | Reached XP level 1. HP: 18/18 MP: 1/1
   188 | D:1      | Reached XP level 2. HP: 24/24 MP: 2/2
   519 | D:1      | Reached XP level 3. HP: 29/29 MP: 3/3
   990 | D:2      | Reached XP level 4. HP: 30/37 MP: 4/4
  1880 | D:3      | Found an ornate altar of the Wu Jian Council.
  1898 | D:3      | Reached XP level 5. HP: 42/42 MP: 5/5
  1953 | D:3      | Reached skill level 5 in Shields
  2873 | D:4      | Reached XP level 6. HP: 44/49 MP: 6/6
  3254 | D:4      | Found a hide-covered altar of Uskayaw.
  3254 | D:4      | Found a shadowy altar of Dithmenos.
  3255 | D:4      | Found a shimmering blue altar of Sif Muna.
  3260 | D:4      | Found a broken altar of Ashenzari.
  3261 | D:4      | Found a glowing golden altar of the Shining One.
  3263 | D:4      | Found a white marble altar of Elyvilon.
  3264 | D:4      | Found a burning altar of Makhleb.
  3275 | D:4      | Found a sacrificial altar of Ru.
  3279 | D:4      | Found a glowing silver altar of Zin.
  3280 | D:4      | Found an iron altar of Okawaru.
  3370 | D:4      | Became a worshipper of Makhleb the Destroyer
  3662 | D:5      | Entered Level 5 of the Dungeon
  3662 | D:5      | Found an opulent altar of Gozag.
  3689 | D:5      | Reached XP level 7. HP: 19/55 MP: 7/7
  3694 | D:5      | HP: 2/55 [burnt (3)]
  3891 | D:5      | Reached skill level 5 in Armour
  3946 | D:5      | Reached skill level 6 in Shields
  4255 | D:5      | Found a staircase to the Ecumenical Temple.
  4269 | Temple   | Entered the Ecumenical Temple
  4304 | D:5      | Reached skill level 5 in Fighting
  4437 | D:5      | Slain by a gnoll

Illustrated notes

Levels and vault maps discovered:
D:1:      dpeg_arrival_castle, layout_basic, minmay_misc_feat_enclosed
D:2:      layout_loops_ring, serial_rivers, chequers_serial_rivers_large_b,
          chequers_serial_rivers_small_b, chequers_serial_rivers_micro_a,
          chequers_serial_rivers_large_a, corexii_corridor_pit
D:3:      layout_loops_corners, nicolae_wu_jian_wuxing_cycle,
          kennysheep_generic_room_11
D:4:      layout_basic, nicolae_overflow_hallway_of_the_gods,
          minmay_tree_intersection
D:5:      layout_cave_pods, nicolae_overflow_hidden_temple,
          minmay_temple_entry_mini_moons
Temple:   hellmonk_temple_beads

Skill      XL: |  1  2  3  4  5  6  7 |
---------------+----------------------+-----
Armour         | 4 5 |  5.2
Fighting       | 4 5 |  5.1
Polearms       | 3 4 |  4.1
Shields        | 5 6 |  6.2

Action                     |  1- 3 |  4- 6 |  7- 9 || total
---------------------------+-------+-------+-------++-------
  Melee: Trident           |    61 |   165 |    69 ||   295
    Use: Scroll            |       |     3 |     2 ||     5
         Potion            |       |       |     3 ||     3
 Armour: Scale mail        |    17 |    74 |    84 ||   175
  Dodge: Dodged            |    12 |    56 |    38 ||   106
  Block: Buckler           |     7 |    31 |    32 ||    70
